 Dungeon Crawl Stone Soup version 0.28-a0-1624-g820543e53a (webtiles) character file.

Game seed: 10829779636816145661

9723 Shayle the Nimble (level 11, -26/85 HPs)
             Began as a Djinni Warper on Jan 23, 2022.
             Was a Follower of Ashenzari.
             Annihilated by a death knight (32 damage)
             ... on level 10 of the Dungeon.
             The game lasted 01:15:01 (20672 turns).

Shayle the Nimble (Djinni Warper)                  Turns: 20672, Time: 01:15:01

Health: -26/85     AC: 10    Str: 16    XL:     11   Next: 79%
Gold:   616        EV: 16    Int: 19    God:    Ashenzari [*.....] SH:  0 Dex: 13

rFire   + + .      SeeInvis .   t - +5 flail (drain)
rCold   x . .      Faith    .   (no shield)
rNeg    . . .      Spirit   .   u - +0 steam dragon scales
rPois   ∞          Reflect  .   n - +2 helmet "Shackled Rationality" {Self, Fort} (curse)
rElec   .          Harm     .   (no cloak)
rCorr   .          Rampage  .   k - +0 pair of gloves
Will    +....                   (boots unavailable)
Stlth   ++++......              (no amulet)
HPRegen 0.24/turn               m - ring of Ouranomancy {Str+6, Fort, Range} (curse)
MPRegen 0.00/turn               (no ring)

@: flying, studying Armour
A: sickness immunity, fire resistance 2, cold vulnerability 1, float, innate
caster, hp casting, extra vitality 1
a: Renounce Religion, Curse Item, Shatter the Chains


You were on level 10 of the Dungeon.
You worshipped Ashenzari.
Ashenzari was aware of your devotion.
You visited 3 branches of the dungeon, and saw 14 of its levels.
You also visited: Ossuary and Bailey.

You collected 661 gold pieces.
You spent 45 gold pieces at shops.

Inventory:

Hand Weapons
 b - a +2 dagger of venom
 f - a +0 lajatang
 h - a +2 dagger of holy wrath
 t - a +5 flail of draining (weapon)
Missiles
 c - a boomerang of dispersal
 o - 33 poisoned darts
 s - 2 throwing nets
 w - 3 atropa-tipped darts (quivered)
 A - 3 boomerangs
 K - 2 curare-tipped darts
Armour
 a - a +0 leather armour
 k - a +0 pair of gloves (worn)
 l - a +0 buckler
 n - the cursed +2 helmet "Shackled Rationality" (worn) {Self, Fort}
   (You found it on level 3 of the Dungeon)

   It has a curse which improves the following skills: Introspection: Fighting
   and Spellcasting.
   Fortitude: Armour and Shields.
 u - +0 steam dragon scales (worn)
 y - a +0 kite shield
 C - +0 acid dragon scales
Jewellery
 m - the cursed ring of Ouranomancy (left hand) {Str+6, Fort, Range}
   (You found it on level 3 of the Dungeon)

   [ring of strength]

   Str:       It affects your strength (+6).
   It has a curse which improves the following skills: Fortitude: Armour and
   Shields.
   Ranged Combat: Slings, Bows, Crossbows and Throwing.
 p - a +6 ring of strength
 E - the ring "Weilier" {rC- MP+9 Int+3 SInv}
   (You found it in an ossuary)

   [ring of magical power]

   Int:       It affects your intelligence (+3).
   rC:        It makes you vulnerable to cold.
   MP:        It affects your magic capacity (+9).
   SInv:      It lets you see invisible.
Wands
 i - a wand of iceblast (2)
 x - a wand of charming (3)
 L - a wand of paralysis (4)
Scrolls
 d - 4 scrolls of identify
 g - a scroll of teleportation
 j - a scroll of immolation
 v - 4 scrolls of fog
 z - a scroll of holy word
 D - a scroll of fear
 F - 3 scrolls of vulnerability
 I - a scroll of enchant weapon
 J - a scroll of magic mapping
Potions
 e - 8 potions of mutation
 q - a potion of might
 r - a potion of cancellation
 B - 2 potions of resistance
 G - 3 potions of haste
 H - a potion of curing
Miscellaneous
 N - a phantom mirror


   Skills:
 + Level 9.4(10.3) Fighting
 + Level 4.4(5.2) Throwing
 + Level 4.1(5.3) Armour
 - Level 9.7 Dodging
 + Level 8.3 Stealth
 + Level 5.7 Unarmed Combat
 + Level 3.3(4.1) Spellcasting


You couldn't memorise any spells.
You knew the following spells:

 Your Spells              Type           Power      Damage    Failure   Level
a - Blink                 Tloc           38%        N/A       3%          2
b - Lesser Beckoning      Tloc           19%        N/A       8%          3
c - Gell's Gravitas       Tloc           19%        N/A       8%          3
d - Teleport Other        Tloc           19%        N/A       8%          3
e - Manifold Assault      Tloc           19%        N/A       56%         5
f - Sting                 Tmut/Pois      76%        1d6       2%          1
g - Wereblood             Tmut           19%        N/A       3%          2
h - Call Imp              Summ           19%        N/A       3%          2
i - Dispel Undead         Necr           19%        3d11      24%         4
j - Animate Armour        Summ/Erth      38%        N/A       24%         4
Your spell library was empty.

Dungeon Overview and Level Annotations

Branches:
Dungeon (11/15)            Temple (1/1) D:5            Lair (2/6) D:8
 Shoals (0/4) Lair:2       Spider (0/4) Lair:2          Orc (0/2) D:9
Ossuary (visited)          Bailey (visited)

Altars:
Ashenzari
Cheibriados
Fedhas
Gozag
Kikubaaqudgha
Makhleb
Trog
Uskayaw
Vehumet
Xom
Zin
The Shining One

Shops:
D:8 =

Annotations:
D:2 Terence
D:6 2 transporters


Innate Abilities, Weirdness & Mutations

You are immune to sickness and miasma.
You are immune to poison.
Your flesh is very heat resistant. (rF++)
You are vulnerable to cold. (rC-)
You float through the air rather than walking.
You learn spells naturally, not from books.
Your magical power is your life essence.
You have superior vitality. (+4 MHP)


Message History

The gnoll is heavily wounded.
The gnoll hits you with a +0 whip.
The gnoll hits you from afar with a +0 spear.
* * * LOW HITPOINT WARNING * * *
The gnoll hits you with a +0 whip.
* * * LOW HITPOINT WARNING * * *
The gnoll closely misses you.
You closely miss the gnoll.
The gnoll is heavily wounded.
The gnoll barely misses you.
A gnoll comes into view. It is wielding a +0 halberd.
The gnoll completely misses you. The gnoll hits you with a +0 whip.
* * * LOW HITPOINT WARNING * * *
The gnoll completely misses you. The gnoll completely misses you.
As you read the scroll of teleportation, it crumbles to dust.
You feel strangely unstable. The gnoll barely misses you.
Your surroundings suddenly seem different.
The kobold throws a poisoned dart.
The poisoned dart hits you!
The death knight hits you with a +2 glaive!
* * * LOW HITPOINT WARNING * * *
Unknown command.
The death knight calls down the wrath of Yredelemnul upon you.
Your body is wracked with pain!
* * * LOW HITPOINT WARNING * * *
The wraith barely misses you.
A kobold comes into view.
It is wielding a +0 dagger and quivering poisoned darts.
The kobold throws a poisoned dart.
The poisoned dart hits you!
The kobold shouts! x2; You hear a shout!
The kobold throws a stone.
The stone misses you.
The stone hits the wraith.
Found an escape hatch in the floor.
The kobold throws a poisoned dart.
The poisoned dart completely misses you.
The poisoned dart barely misses the wraith.
The kobold misses you.
The kobold throws a stone.
The stone misses you.
The kobold throws a poisoned dart.
The poisoned dart misses you. The kobold misses you.
The death knight hits you from afar with a +2 glaive!!
You die...

#................<....
#.....................
#...............?.....
#.....................
#.....W..........[....
######.##..>.........#
#p...............
###K..........##... ##
#.@W.....#...
##....#..K.......
#...####K.....###
###.). ....#.####
##..###.##....
#......K....#>
#..#........# ....
#........# O..#
#........#########


You could see a death knight, 2 wraiths, a kobold brigand and 3 kobolds.

Vanquished Creatures
  An orc knight (Bailey)
  A black mamba (Lair:2)
  4 cane toads
  5 komodo dragons
  A troll (D:9)
  A meliai (shapeshifter) (D:8)
  6 dream sheep (Lair:2)
  Sigmund (D:5)
  A wraith (Ossuary)
  3 yaks (D:9)
  A redback (Lair:2)
  2 steam dragons
  Edmund (D:6)
  2 acid dragons (D:8)
  3 water moccasins
  6 orc warriors
  2 black bears
  A sky beast (D:7)
  An ogre (D:7)
  3 centaurs
  3 wolves (Lair:1)
  An elf zombie (Ossuary)
  5 bullfrogs
  A gnoll sergeant (D:10)
  A scorpion (D:4)
  A water moccasin skeleton (D:5)
  3 wights (D:7)
  A howler monkey (D:8)
  3 centaur zombies
  3 hounds
  4 orc priests
  2 iguanas
  6 orc wizards
  3 mummies (Ossuary)
  2 hound skeletons (D:4)
  A howler monkey zombie (D:8)
  4 gnolls
  3 adders
  A white imp (D:8)
  3 ufetubi (D:5)
  2 adder skeletons (D:4)
  2 worms
  2 dart slugs (D:2)
  35 orcs
  An endoplasm (D:2)
  A giant cockroach (D:1)
  5 goblins
  4 hobgoblins
  2 jackals (D:1)
  3 quokkas
  8 ball pythons
  8 bats
  5 frilled lizards
  4 goblin zombies
  3 hobgoblin zombies (Ossuary)
  9 kobolds
  6 kobold zombies (Ossuary)
  4 rats
  A rat zombie (D:7)
  A spectral kobold (D:1)
203 creatures vanquished.

Vanquished Creatures (collateral kills)
  A blink frog (Lair:2)
  A water moccasin (D:5)
  2 scorpions
  An orc wizard (D:6)
  9 orcs (Bailey)
14 creatures vanquished.

Vanquished Creatures (others)
  2 bushes (Lair:2)
  15 fungi
  17 plants
34 creatures vanquished.

Grand Total: 251 creatures vanquished

Notes
Turn   | Place    | Note
-------+----------+-------------------------------------------
     0 | D:1      | Shayle the Djinni Warper began the quest for the Orb.
     0 | D:1      | Reached XP level 1. HP: 18/18 MP: 0/0
   122 | D:2      | Found a glowing golden altar of the Shining One.
   210 | D:1      | Reached XP level 2. HP: 9/23 MP: 0/0
   549 | D:1      | Found a faded altar of an unknown god.
   744 | D:1      | Reached skill level 1 in Stealth
   992 | D:1      | Reached XP level 3. HP: 28/29 MP: 0/0
   992 | D:1      | Learned a level 1 spell: Sting
  1984 | D:2      | Reached XP level 4. HP: 22/34 MP: 0/0
  3119 | D:2      | Reached XP level 5. HP: 20/40 MP: 0/0
  3119 | D:2      | Learned a level 2 spell: Wereblood
  3414 | D:3      | Noticed Terence
  4333 | D:4      | Reached XP level 6. HP: 5/46 MP: 0/0
  5046 | D:4      | Found a shimmering altar of Xom.
  5533 | D:5      | Entered Level 5 of the Dungeon
  5588 | D:5      | Noticed Sigmund
  5616 | D:5      | Killed Sigmund
  5617 | D:5      | Reached XP level 7. HP: 27/53 MP: 0/0
  5617 | D:5      | Learned a level 2 spell: Call Imp
  5820 | D:5      | Found a staircase to the Ecumenical Temple.
  5859 | Temple   | Entered the Ecumenical Temple
  5937 | Temple   | Became a worshipper of Ashenzari the Shackled
  6067 | D:5      | Reached skill level 5 in Dodging
  7104 | D:5      | Found Sapel's CLEARANCE SALE!.
  7114 | D:5      | Bought a potion of curing for 21 gold pieces
  7114 | D:5      | Bought a scroll of immolation for 24 gold pieces
  7241 | D:5      | Noticed a water moccasin
  7286 | D:5      | Reached skill level 5 in Fighting
  7395 | D:5      | Killed a water moccasin
  7396 | D:5      | Reached XP level 8. HP: 33/59 MP: 0/0
  7616 | D:6      | Noticed Edmund
  7632 | D:6      | Killed Edmund
  7818 | D:6      | Found a transporter.
  8134 | D:6      | Found a transporter.
  8582 | D:7      | Reached skill level 5 in Stealth
  8743 | D:7      | Found a sand-covered staircase.
  8750 | Ossuary  | Entered an ossuary
  8750 | Ossuary  | Noticed a wraith
  8750 | Ossuary  | Noticed a wraith
  8750 | Ossuary  | Noticed a wraith
  9055 | Ossuary  | Identified the ring "Weilier" {rC- MP+9 Int+3 SInv}
  9155 | Ossuary  | Noticed a wraith
  9175 | Ossuary  | HP: 2/61 [wraith (10)]
  9433 | Ossuary  | Killed a wraith
  9434 | Ossuary  | Reached XP level 9. HP: 67/67 MP: 0/0
  9434 | Ossuary  | Learned a level 4 spell: Dispel Undead
  9950 | D:8      | Found a flagged portal.
  9959 | Bailey   | Entered a bailey
 10561 | Bailey   | Noticed an orc knight
 10955 | Bailey   | HP: 1/68 [orc knight (14)]
 11004 | Bailey   | Killed an orc knight
 11594 | D:8      | Found a staircase to the Lair.
 11629 | Lair:1   | Entered Level 1 of the Lair of Beasts
 11629 | Lair:1   | Noticed a komodo dragon
 11651 | Lair:1   | Killed a komodo dragon
 11652 | Lair:1   | Reached skill level 1 in Throwing
 11652 | Lair:1   | Reached XP level 10. HP: 54/76 MP: 0/0
 11730 | Lair:1   | Noticed a komodo dragon
 11761 | Lair:1   | Killed a komodo dragon
 12152 | Lair:1   | Noticed a komodo dragon
 12453 | Lair:1   | Killed a komodo dragon
 12525 | Lair:1   | Noticed a cane toad
 12556 | Lair:1   | Killed a cane toad
 13053 | Lair:1   | Noticed a cane toad
 13066 | Lair:1   | Killed a cane toad
 13394 | Lair:1   | Noticed a komodo dragon
 13404 | Lair:1   | Killed a komodo dragon
 15654 | D:8      | Found Yguxumn's Jewellery Shop.
 15665 | D:8      | Reached XP level 11. HP: 64/82 MP: 0/0
 15665 | D:8      | Learned a level 4 spell: Animate Armour
 16108 | D:9      | Found a staircase to the Orcish Mines.
 16836 | D:9      | Reached * piety under Ashenzari
 17394 | D:10     | Entered Level 10 of the Dungeon
 17394 | D:10     | Noticed a death knight
 17394 | D:10     | Noticed a skeletal warrior
 17830 | Lair:1   | Reached skill level 5 in Unarmed Combat
 18668 | Lair:2   | Found a staircase to the Shoals.
 19000 | Lair:2   | Found a hole to the Spider Nest.
 19052 | Lair:2   | Noticed an elephant
 19096 | Lair:2   | Noticed an elephant
 19096 | Lair:2   | Noticed an elephant
 19759 | Lair:2   | Noticed an elephant
 20496 | D:10     | Noticed a two-headed ogre
 20576 | D:11     | Noticed a cyclops
 20672 | D:10     | Annihilated by a death knight

Illustrated notes

Levels and vault maps discovered:
D:1:      dpeg_arrival_three_bigger_balls, layout_basic,
          dreamdust_ecumenical_altar_drowned_temple
D:2:      layout_basic, basic_altar, chequers_serial_rivers_micro_c,
          hex_intersection
D:3:      layout_rooms, uniq_terence
D:4:      layout_layer_cave, mainiacjoe_overflow_chevrons
D:5:      layout_loops_ring, temple_doors_e, grunt_ministairs_8,
          nicolae_shop_clearance, uniq_sigmund
D:6:      gammafunk_cloud_chamber, layout_rooms, kennysheep_nub,
          amcnicky_mini_corridor_feature, lemuel_another_geyser, uniq_edmund
D:7:      layout_basic, enter_ossuary_4
D:8:      layout_loops_ring, lair_entry_dummy, serial_shops,
          nicolae_stop_n_shop_1, enter_bailey_8, minmay_manual_mail
D:9:      layout_stronghold, david_orc_2
D:10:     layout_rooms, uniq_harold
D:11:     layout_cave_pools
Temple:   mainiacjoe_temple_hex_bubbles
Lair:1:   layout_cave_pods
Lair:2:   layout_loops_ring, elwin_shoals_entry_rooms, spider_nest_entry_webs

Skill      XL: |  1  2  3  4  5  6  7  8  9 10 11 |
---------------+----------------------------------+-----
Stealth        | 1 2 3 4 5 6 7 8 |  8.3
Dodging        | 3 4 5 7 8 9 |  9.7
Fighting       | 3 4 5 6 7 8 9 |  9.4
Throwing       | 1 3 4 |  4.4
Unarmed Combat | 4 5 |  5.7
Armour         | 4 |  4.1
Spellcasting   | 3 |  3.3

Action                   |  1- 3 |  4- 6 |  7- 9 | 10-12 || total
-------------------------+-------+-------+-------+-------++-------
Melee: Unarmed           |   111 |    61 |       |       ||   172
       Punch             |     2 |     2 |    13 |    16 ||    33
       Dagger            |       |    13 |   241 |    39 ||   293
       Flail             |       |       |       |   353 ||   353
Throw: Boomerang         |       |     1 |     3 |       ||     4
       Dart              |       |       |       |    15 ||    15
 Cast: Sting             |    28 |    70 |    54 |    10 ||   162
       Blink             |       |     1 |     4 |     7 ||    12
       Teleport Other    |       |     2 |     2 |       ||     4
       Wereblood         |       |     3 |     3 |     2 ||     8
       Call Imp          |       |       |    29 |    19 ||    48
       Animate Armour    |       |       |       |     6 ||     6
Invok: Curse Item        |       |       |     1 |     1 ||     2
Evoke: Wand              |       |       |    26 |     2 ||    28
  Use: Potion            |       |     1 |     5 |     5 ||    11
       Scroll            |       |       |    17 |    14 ||    31
 Stab: Distracted        |     1 |       |     1 |     2 ||     4
       Sleeping          |       |     1 |     7 |     5 ||    13
Armor: Leather armour    |    37 |    29 |    60 |    47 ||   173
       Steam dragon scal |       |       |       |   118 ||   118
Dodge: Dodged            |    77 |   104 |   206 |   497 ||   884

Table legend: (Time is in decaauts)
 A = Elapsed time spent in this place.
 B = Non-inter-level travel time spent in this place.
 C = Inter-level travel time spent in this place.
 D = Time resting spent in this place.
 E = Time spent auto-exploring this place.
 F = Levels seen in this place.
 G = Mean time per level.
                   A        B        C        D        E       F      G
               +--------+--------+--------+--------+--------+-----+--------+
         Total |  20861 |  20171 |    690 |   6670 |   8448 |  16 | 1303.8 |
       Dungeon |  14316 |  13775 |    541 |   3681 |   7039 |  11 | 1301.5 |
        Temple |    127 |     83 |     44 |      0 |     77 |   1 |  127.0 |
          Lair |   4092 |   3987 |    105 |   1757 |   1332 |   2 | 2046.0 |
       Ossuary |    830 |    830 |      0 |    243 |      0 |   1 |  830.0 |
        Bailey |   1493 |   1493 |      0 |    989 |      0 |   1 | 1493.0 |
               +--------+--------+--------+--------+--------+-----+--------+

Top non-repeatable levels by time:
  Lair:1: 2384 daAuts
     D:8: 1983 daAuts
     D:7: 1899 daAuts
     D:5: 1878 daAuts
     D:2: 1851 daAuts
     D:9: 1742 daAuts
  Lair:2: 1708 daAuts
  Bailey: 1493 daAuts
     D:1: 1323 daAuts
     D:4: 1256 daAuts
     D:3: 1103 daAuts
     D:6: 1036 daAuts
 Ossuary: 830 daAuts
    D:10: 201 daAuts
  Temple: 127 daAuts
